 Dungeon Crawl Stone Soup version 0.23.2-33-g5129a83184 (webtiles) character file.

Game seed: 5841986997954486943

51258 funkygono the Thaumaturge (level 14, -5/96 HPs)
             Began as a Demonspawn Fire Elementalist on July 6, 2019.
             Was a High Priest of Vehumet.
             Slain by an eight-headed hydra (16 damage)
             ... on level 2 of the Swamp on July 7, 2019.
             The game lasted 01:52:05 (27078 turns).

funkygono the Thaumaturge (DsFE)                   Turns: 27078, Time: 01:52:06

Health: -5/96      AC: 19    Str:  8    XL:     14   Next: 22%
Magic:  49/54      EV: 13    Int: 27    God:    Vehumet [*****.]
Gold:   1785       SH:  3    Dex: 14    Spells: 3/37 levels left

rFire    + . .     SeeInvis +   i - staff of power
rCold    . . .     Gourm    .   G - +0 buckler
rNeg     . . .     Faith    .   Q - +1 leather armour "Zuzoy" {rF+}
rPois    .         Spirit   .   (helmet unavailable)
rElec    .         Reflect  .   U - +2 cloak
rCorr    .         Harm     +   u - +0 pair of gloves
MR       ++...                  C - +0 pair of boots
Stlth    +++.......             r - amulet of harm
HPRegen  0.26/turn              j - ring of magical power
MPRegen  0.34/turn              f - ring of Ascent {MR+ Int+5}

@: sanguine armour
A: antennae 3, demonic guardian 1, powered by death 2, sanguine armour 2
a: Renounce Religion


You were on level 2 of the Swamp.
You worshipped Vehumet.
Vehumet was extremely pleased with you.
You were hungry.

You visited 5 branches of the dungeon, and saw 21 of its levels.
You also visited: Ossuary.

You collected 1785 gold pieces.

Inventory:

Hand Weapons
 v - a +3 quarterstaff of chaos
Missiles
 g - 409 stones (quivered)
Armour
 e - a +1 ring mail of cold resistance
 u - a +0 pair of gloves (worn)
 C - a +0 pair of boots (worn)
 G - a +0 buckler (worn)
 K - a +1 hat of intelligence
 Q - the +1 leather armour "Zuzoy" (worn) {rF+}
   (You found it on level 3 of the Lair of Beasts)

   It protects you from fire.
 U - a +2 cloak (worn)
Magical Staves
 i - an uncursed staff of power (weapon)
Jewellery
 d - an uncursed ring of ice
 f - the ring of Ascent (right hand) {MR+ Int+5}
   (You found it on level 10 of the Dungeon)

   [ring of protection from magic]

   It affects your intelligence (+5).
   It affects your resistance to hostile enchantments.
 j - a ring of magical power (left hand)
 l - an uncursed ring of fire
 n - a +4 ring of evasion
 r - an amulet of harm (around neck)
 D - an uncursed ring of flight
Wands
 t - a wand of flame (68)
 z - a wand of disintegration (13)
 A - a wand of iceblast (6)
 B - a wand of clouds (7)
 F - a wand of polymorph (14)
 H - a wand of digging (12)
 L - a wand of scattershot (12)
Scrolls
 b - 5 scrolls of teleportation
 h - 2 scrolls of fear
 p - 4 scrolls of magic mapping
 x - 8 scrolls of remove curse
 y - 6 scrolls of identify
 M - a scroll of amnesia
Potions
 a - 4 potions of curing
 k - 4 potions of flight
 m - 2 potions of brilliance
 o - 5 potions of might
 q - 3 potions of lignification
 s - a potion of ambrosia
 E - 3 potions of haste
 I - 2 potions of mutation
 O - a potion of agility
 R - a potion of cancellation
Comestibles
 c - 28 rations


   Skills:
 + Level 4.9 Fighting
 + Level 6.1 Staves
 + Level 4.6 Armour
 + Level 5.6 Dodging
 + Level 5.1 Stealth
 + Level 0.1 Shields
 + Level 12.2 Spellcasting
 + Level 11.6 Conjurations
 + Level 0.1 Summonings
 + Level 5.5 Necromancy
 + Level 8.7 Fire Magic
 + Level 7.2 Earth Magic
 + Level 2.2 Poison Magic


You had 3 spell levels left.
You knew the following spells:

 Your Spells              Type           Power        Failure   Level  Hunger
a - Flame Tongue          Conj/Fire      #####        1%          1    None
b - Throw Flame           Conj/Fire      ######       1%          2    None
c - Conjure Flame         Conj/Fire      ######..     1%          3    None
d - Animate Skeleton      Necr           N/A          1%          1    None
e - Sting                 Conj/Pois      ####         1%          1    None
f - Magic Dart            Conj           ####         1%          1    None
g - Stone Arrow           Conj/Erth      ######       1%          3    None
h - Dazzling Spray        Conj/Hex       #####.       1%          3    None
i - Sandblast             Erth           ######       1%          1    None
j - Call Imp              Summ           ###.....     11%         2    None
k - Iron Shot             Conj/Erth      ######....   7%          6    #####..
l - Fireball              Conj/Fire      ######....   1%          5    ###....
m - Venom Bolt            Conj/Pois      ######....   3%          5    ###....

Your spell library contained the following spells:

 Spells                   Type           Power        Failure   Level  Hunger
 Searing Ray              Conj           ######       1%          2    None
 Inner Flame              Hex/Fire       #####...     1%          3    None
 Mephitic Cloud           Conj/Pois/Air  #####...     1%          3    None
 Passwall                 Tmut/Erth      #####...     2%          2    None
 Apportation              Tloc           ###...       8%          1    None
 Beastly Appendage        Tmut           ###...       8%          1    None
 Confusing Touch          Hex            ###...       8%          1    None
 Summon Small Mammal      Summ           ###.         8%          1    None
 Blink                    Tloc           N/A          12%         2    None
 Slow                     Hex            ###.....     12%         2    None
 Sticks to Snakes         Tmut           ###.....     12%         2    None
 Spider Form              Tmut/Pois      ###.......   14%         3    None
 Force Lance              Conj/Tloc      #####...     1%          4    None
 Fulminant Prism          Conj/Hex       #####.....   1%          4    None
 Iskenderun's Mystic Bla  Conj           ######..     1%          4    None
 Sticky Flame             Conj/Fire      ######..     1%          4    None
 Lee's Rapid Deconstruct  Erth           ######....   3%          5    ###....
 Petrify                  Tmut/Erth      #####...     17%         4    None
 Ice Form                 Ice/Tmut       ###.....     61%         4    None
 Blade Hands              Tmut           ###.......   91%         5    ###....


Dungeon Overview and Level Annotations

Branches:
Dungeon (10/15)            Temple (1/1) D:7            Lair (6/6) D:8
  Swamp (2/4) Lair:3        Snake (0/4) Lair:2        Slime (0/5) Lair:5
    Orc (2/2) D:10            Elf (0/3) Orc:2

Altars:
Ashenzari
Cheibriados
Dithmenos
Elyvilon
Fedhas
Gozag
Hepliaklqana
Kikubaaqudgha
Makhleb
Nemelex Xobeh
Okawaru
Qazlal
Ru
Sif Muna
Trog
Uskayaw
Vehumet
Wu Jian
Xom
Yredelemnul
Zin
The Shining One
Beogh

Shops:
D:4 (   D:9 (   Orc:1 [   Orc:2 (*(%

Annotations:
D:10 2 transporters, Curus's ghost, journeyman HOFi
Lair:3 3 runed translucent doors, Xudouwn's ghost, journeyman DsEE


Innate Abilities, Weirdness & Mutations

You have a pair of large antennae on your head. (SInv)
A weak demonic guardian rushes to your aid.
You regenerate health from kills.
When seriously injured, your bleeding wounds create thick armour. (AC +9)


Message History

The eight-headed hydra barely misses you.
You block the eight-headed hydra's attack.
The eight-headed hydra barely misses you.
The eight-headed hydra closely misses you.
The eight-headed hydra bites you but does no damage.
The eight-headed hydra closely misses you. x2
The eight-headed hydra barely misses you.
The eight-headed hydra bites you!
* * * LOW HITPOINT WARNING * * *
The eight-headed hydra misses you.
The eight-headed hydra bites you but does no damage.
The eight-headed hydra bites you.
* * * LOW HITPOINT WARNING * * *
The eight-headed hydra closely misses you.
The eight-headed hydra barely misses you.
The eight-headed hydra misses you. The eight-headed hydra bites you!
* * * LOW HITPOINT WARNING * * *
The eight-headed hydra bites you but does no damage.
The eight-headed hydra bites you!
You die...

.≈..≈≈.♣≈≈≈≈≈..
.≈.≈.≈≈≈≈≈≈≈...≈
♣≈≈≈...≈≈.≈≈...≈
♣.≈♣.≈≈♣..≈..♣
♣...≈...≈.≈≈♣
♣.♣≈≈≈.≈≈≈♣
♣≈.≈≈≈.≈≈≈♣
♣..≈.>n..♣
♣.<@D≈≈≈≈♣
♣.≈≈♣≈≈≈.♣
♣♣≈.5≈≈..♣
♣≈≈≈≈≈≈≈.♣
♣.≈≈≈≈♣♣.♣
♣..≈≈♣≈≈ .♣
♣.≈≈≈≈≈≈≈≈♣
♣.≈:>≈≈≈≈≈.


You could see an eight-headed hydra, a bog body and a friendly iron imp.

Vanquished Creatures
  An ettin (Orc:1)
  Snorg (Lair:6)
  Fannar (Lair:1)
  A shambling mangrove (Swamp:1)
  6 hydras
  2 catoblepae
  3 alligators (Swamp:1)
  A death yak (D:10)
  Sonja (Orc:1)
  2 harpies (Lair:6)
  6 orc sorcerers
  2 cyclopes
  A manticore (Lair:6)
  An elephant (Lair:6)
  Maurice (D:9)
  Joseph (D:9)
  2 black mambas
  10 spiny frogs
  4 rime drakes (Lair:6)
  8 komodo dragons
  A polar bear (Lair:6)
  A hornet (Lair:6)
  3 meliai (Lair:6)
  3 trolls
  4 blink frogs
  A dream sheep (Lair:4)
  3 hippogriffs
  2 wyverns (Lair:6)
  10 yaks
  A fire bat (D:9)
  Grum (D:10)
  A hungry ghost (D:7)
  4 basilisks
  Menkaure (D:6)
  3 wargs (Orc:2)
  7 nagas (Lair:2)
  5 swamp worms
  8 insubstantial wisps (Swamp:1)
  19 soldier ants
  8 water moccasins
  10 orc warriors
  5 porcupines
  3 swamp drakes (Swamp:1)
  2 sky beasts
  2 phantoms
  A black bear (D:8)
  A hornet zombie (D:7)
  An eye of draining (D:9)
  3 centaurs
  5 ogres
  7 wolves
  5 crocodiles
  A big kobold (D:10)
  4 elf zombies (Ossuary)
  9 bullfrogs
  A water moccasin zombie (D:10)
  4 scorpions
  22 killer bees
  7 wights
  A howler monkey (D:4)
  7 crimson imps
  4 centaur zombies
  2 bullfrog zombies
  6 hounds
  3 human zombies (Ossuary)
  7 orc priests
  2 centaur skeletons
  4 iguanas
  4 jellies
  31 orc wizards
  22 worker ants
  2 hound zombies
  A hound skeleton (D:9)
  3 mummies (Ossuary)
  12 adders
  4 shadow imps
  3 oozes
  2 dart slugs
  6 leopard geckos
  52 orcs
  A ball python (D:2)
  3 giant cockroaches
  5 hobgoblins (D:1)
  15 jackals
  8 kobolds
  6 quokkas
  6 bats
  4 frilled lizards
  2 goblins (D:1)
  A jackal skeleton (D:6)
  5 rats (D:1)
468 creatures vanquished.

Vanquished Creatures (collateral kills)
  Gastronok (D:8)
  A merfolk avatar (Lair:6)
  A sea snake (Lair:6)
  A swamp dragon (Swamp:1)
  An orc sorcerer (Orc:2)
  4 elephants (Lair:6)
  2 spiny frogs
  A gargoyle (D:9)
  A komodo dragon (Lair:4)
  2 polar bears (Lair:6)
  A hornet (Lair:6)
  4 dream sheep (Lair:4)
  4 blink frogs
  2 wyverns
  3 yaks
  2 basilisks (Lair:3)
  An insubstantial wisp (Swamp:1)
  2 wargs (Orc:2)
  3 water moccasins
  A porcupine (Lair:3)
  3 orc warriors
  A black bear (Lair:1)
  A sky beast (D:5)
  4 ogres
  3 wolves (Lair:3)
  2 crocodiles
  A big kobold (D:9)
  An elf zombie (Ossuary)
  2 bullfrogs (Lair:1)
  2 scorpions
  5 killer bees (Lair:6)
  A wight (D:9)
  A crimson imp (D:9)
  A centaur zombie (Ossuary)
  A jelly (D:8)
  2 orc priests
  Crazy Yiuf (D:3)
  An iguana (D:7)
  Ijyb (D:3)
  A worker ant (D:10)
  6 orc wizards
  An ooze (Lair:5)
  A leopard gecko (D:9)
  14 orcs
  A quokka (D:6)
  A kobold (D:9)
  3 fungi
  4 plants
104 creatures vanquished.

Vanquished Creatures (others)
  12 fungi (Lair:6)
  10 plants
22 creatures vanquished.

Grand Total: 594 creatures vanquished

Notes
Turn   | Place    | Note
-------+----------+-------------------------------------------
     0 | D:1      | funkygono the Demonspawn Fire Elementalist began the quest
                  | for the Orb.
     0 | D:1      | Reached XP level 1. HP: 13/13 MP: 3/3
   420 | D:1      | Gained mutation: You regenerate a little health from kills.
                  | [demonic ancestry]
   420 | D:1      | Reached XP level 2. HP: 4/19 MP: 1/5
   639 | D:1      | Learned a level 2 spell: Throw Flame
  1385 | D:1      | Gained mutation: A weak demonic guardian rushes to your
                  | aid. [demonic ancestry]
  1385 | D:1      | Reached XP level 3. HP: 24/24 MP: 3/6
  1892 | D:1      | Learned a level 3 spell: Conjure Flame
  2299 | D:2      | Found a faded altar of an unknown god.
  2723 | D:3      | Noticed Ijyb
  2733 | D:3      | HP: 1/24 [Ijyb/wand of flame (13) (7)]
  2736 | D:3      | Killed Ijyb
  2736 | D:3      | Reached XP level 4. HP: 25/30 MP: 4/7
  3311 | D:3      | Found a runed translucent door.
  3312 | D:3      | Noticed Crazy Yiuf
  3320 | D:3      | Killed Crazy Yiuf
  3701 | D:4      | Gained mutation: When seriously injured, your bleeding
                  | wounds create armour. (AC +9) [demonic ancestry]
  3701 | D:4      | Reached XP level 5. HP: 33/35 MP: 8/8
  3757 | D:4      | Reached skill level 1 in Armour
  4148 | D:4      | Found Eduidu's Antique Weapon Shoppe.
  4230 | D:4      | Gained mutation: You regenerate health from kills. [demonic
                  | ancestry]
  4230 | D:4      | Reached XP level 6. HP: 31/41 MP: 10/10
  4278 | D:4      | Reached skill level 3 in Spellcasting
  4477 | D:5      | Entered Level 5 of the Dungeon
  4631 | D:5      | Reached XP level 7. HP: 47/47 MP: 12/12
  4679 | D:5      | Found a sand-covered staircase.
  4704 | Ossuary  | Entered an ossuary
  4748 | Ossuary  | Reached skill level 1 in Staves
  4834 | Ossuary  | Reached skill level 4 in Spellcasting
  4846 | Ossuary  | Reached skill level 1 in Fighting
  4951 | Ossuary  | Gained mutation: You have a pair of small antennae on your
                  | head. [demonic ancestry]
  4951 | Ossuary  | Reached XP level 8. HP: 42/54 MP: 9/14
  5457 | D:5      | Reached skill level 5 in Fire Magic
  5533 | D:5      | Learned a level 1 spell: Animate Skeleton
  5774 | D:6      | Noticed Menkaure
  5777 | D:6      | Killed Menkaure
  6062 | D:6      | Reached skill level 5 in Spellcasting
  6062 | D:6      | Reached skill level 5 in Conjurations
  6269 | D:6      | Reached skill level 1 in Necromancy
  6269 | D:6      | Reached XP level 9. HP: 62/62 MP: 16/16
  6460 | D:7      | Found a staircase to the Ecumenical Temple.
  6488 | Temple   | Entered the Ecumenical Temple
  6580 | Temple   | Became a worshipper of Vehumet
  6876 | D:7      | Found an ornate altar of the Wu Jian Council.
  7778 | D:8      | Found a staircase to the Lair.
  8100 | D:8      | Reached * piety under Vehumet
  8100 | D:8      | Offered knowledge of Sting by Vehumet.
  8103 | D:8      | Learned a level 1 spell: Sting
  8230 | D:8      | Noticed Gastronok
  8252 | D:8      | Killed Gastronok
  8252 | D:8      | Reached skill level 6 in Spellcasting
  8252 | D:8      | Reached XP level 10. HP: 41/70 MP: 15/19
  8459 | D:8      | Reached skill level 1 in Poison Magic
  8942 | D:9      | Reached skill level 5 in Staves
  9009 | D:9      | Reached ** piety under Vehumet
  9009 | D:9      | Offered knowledge of Throw Frost by Vehumet.
  9046 | D:9      | Noticed Joseph
  9063 | D:9      | Killed Joseph
  9210 | D:9      | Noticed Maurice
  9229 | D:9      | Killed Maurice
  9229 | D:9      | Reached skill level 7 in Spellcasting
  9386 | D:9      | Noticed a gargoyle
  9395 | D:9      | Killed a gargoyle
  9423 | D:9      | Offered knowledge of Ignite Poison by Vehumet.
  9680 | D:9      | Reached *** piety under Vehumet
  9742 | D:9      | Learned a level 1 spell: Magic Dart
  9842 | D:9      | Found Diose's Weapon Shop.
  9889 | D:10     | Entered Level 10 of the Dungeon
 10220 | D:10     | Gained mutation: You have a pair of antennae on your head.
                  | [demonic ancestry]
 10220 | D:10     | Reached XP level 11. HP: 37/76 MP: 22/22
 10368 | D:10     | Offered knowledge of Mephitic Cloud by Vehumet.
 10438 | D:10     | Reached skill level 8 in Spellcasting
 12589 | D:10     | Noticed a queen ant
 12611 | D:10     | Noticed a death yak
 12611 | D:10     | a queen ant changed into a death yak
 12614 | D:10     | Killed a death yak
 12615 | D:10     | HP: 4/115 [poisoned by a queen ant]
 12617 | D:10     | HP: 1/77 [poisoned by a queen ant]
 13181 | D:10     | Learned a level 3 spell: Stone Arrow
 13355 | D:10     | Reached **** piety under Vehumet
 13418 | D:10     | Found a transporter.
 13422 | D:10     | Noticed a two-headed ogre
 13426 | D:10     | Noticed Curus's ghost (journeyman HOFi)
 13835 | D:10     | Offered knowledge of Airstrike by Vehumet.
 13852 | D:10     | Noticed Grum
 13863 | D:10     | Killed Grum
 14479 | Lair:1   | Entered Level 1 of the Lair of Beasts
 15096 | Lair:1   | Noticed Fannar
 15109 | Lair:1   | Killed Fannar
 15516 | Lair:1   | Reached skill level 5 in Stealth
 15824 | Lair:2   | Reached skill level 9 in Spellcasting
 16505 | Lair:2   | Found a staircase to the Snake Pit.
 16511 | Lair:2   | Reached skill level 1 in Earth Magic
 16531 | Lair:2   | Noticed a five-headed hydra
 16536 | Lair:2   | Killed a five-headed hydra
 16536 | Lair:2   | Reached XP level 12. HP: 80/84 MP: 25/25
 16549 | Lair:2   | Learned a level 3 spell: Dazzling Spray
 16871 | Lair:3   | Found a runed translucent gate.
 16871 | Lair:3   | Found a runed translucent gate.
 16872 | Lair:3   | Found a runed translucent gate.
 16928 | Lair:3   | Got a transparent leather armour
 16942 | Lair:3   | Identified the +1 leather armour "Zuzoy" {rF+} (You found
                  | it on level 3 of the Lair of Beasts)
 17248 | Lair:3   | Found a staircase to the Swamp.
 17308 | Lair:3   | Noticed an eight-headed hydra
 17311 | Lair:3   | Killed an eight-headed hydra
 17445 | Lair:3   | Reached ***** piety under Vehumet
 17445 | Lair:3   | Offered knowledge of Iron Shot by Vehumet.
 17488 | Lair:3   | Reached skill level 10 in Spellcasting
 17589 | Lair:3   | Noticed a minotaur
 17596 | Lair:3   | Noticed Xudouwn's ghost (journeyman DsEE)
 17991 | Lair:3   | Learned a level 1 spell: Sandblast
 17994 | Lair:3   | Learned a level 2 spell: Call Imp
 18001 | Lair:3   | Learned a level 6 spell: Iron Shot
 18007 | Lair:3   | Learned a level 5 spell: Fireball
 18037 | Lair:4   | Noticed a five-headed hydra
 18040 | Lair:4   | Killed a five-headed hydra
 18101 | Lair:4   | Noticed an eight-headed hydra
 18105 | Lair:4   | Killed an eight-headed hydra
 18108 | Lair:4   | Found a gate leading to a gauntlet.
 18176 | Lair:4   | Reached skill level 10 in Conjurations
 18470 | Lair:4   | Noticed an eight-headed hydra
 18475 | Lair:4   | Killed an eight-headed hydra
 19415 | Lair:5   | Found a staircase to the Slime Pits.
 19436 | Lair:5   | Noticed a four-headed hydra
 19445 | Lair:5   | Killed a four-headed hydra
 19683 | Lair:5   | Gained mutation: When seriously injured, your bleeding
                  | wounds create thick armour. (AC +9) [demonic ancestry]
 19683 | Lair:5   | Reached XP level 13. HP: 90/90 MP: 12/27
 20293 | Lair:6   | Entered Level 6 of the Lair of Beasts
 20366 | Lair:6   | Reached skill level 11 in Spellcasting
 20388 | Lair:6   | Reached skill level 5 in Earth Magic
 20486 | Lair:6   | Reached skill level 5 in Dodging
 20719 | Lair:6   | Noticed Snorg
 20727 | Lair:6   | Killed Snorg
 20867 | Lair:6   | Offered knowledge of Iskenderun's Battlesphere by Vehumet.
 21182 | Lair:6   | Paralysed by a hornet for 2 turns
 21314 | Lair:6   | Reached skill level 5 in Necromancy
 22500 | D:10     | Found a staircase to the Orcish Mines.
 22534 | D:10     | Found a transporter.
 22764 | D:10     | Got a scintillating glass ring
 22766 | D:10     | Identified the ring of Ascent {MR+ Int+5} (You found it on
                  | level 10 of the Dungeon)
 23097 | Orc:1    | Entered Level 1 of the Orcish Mines
 23384 | Orc:1    | HP: 4/90 [orc sorcerer/bolt of fire (13)]
 23423 | Orc:1    | Found Reduefut's Antique Armour Shoppe.
 23780 | Orc:1    | Noticed Sonja
 23783 | Orc:1    | Noticed an ettin
 23786 | Orc:1    | Killed an ettin
 23797 | Orc:1    | Killed Sonja
 24093 | Orc:2    | Entered Level 2 of the Orcish Mines
 24118 | Orc:2    | Found a staircase to the Elven Halls.
 24315 | Orc:2    | Found Muhuf's Weapon Shop.
 24315 | Orc:2    | Found Eberch's Food Shoppe.
 24455 | Orc:2    | Gained mutation: You have a pair of large antennae on your
                  | head. (SInv) [demonic ancestry]
 24455 | Orc:2    | Reached XP level 14. HP: 79/96 MP: 4/29
 24456 | Orc:2    | Found a roughly hewn altar of Beogh.
 24617 | Orc:2    | Offered knowledge of Venom Bolt by Vehumet.
 24848 | Orc:2    | Reached skill level 12 in Spellcasting
 25094 | Orc:2    | Found Xiulo's Weapon Shop.
 25094 | Orc:2    | Found Ebios's General Store.
 25231 | Orc:2    | Learned a level 5 spell: Venom Bolt
 25632 | Swamp:1  | Entered Level 1 of the Swamp
 27078 | Swamp:2  | Slain by an eight-headed hydra

Skill      XL: |  1  2  3  4  5  6  7  8  9 10 11 12 13 14 |
---------------+-------------------------------------------+-----
Fire Magic     | 3 4 5 6 8 |  8.7
Dodging        | 2 3 4 5 |  5.6
Stealth        | 2 3 4 5 |  5.1
Conjurations   | 2 3 4 5 6 7 8 10 11 | 11.6
Armour         | 1 2 3 4 |  4.6
Spellcasting   | 3 4 5 6 7 9 10 11 12 | 12.2
Staves         | 2 3 4 5 6 |  6.1
Fighting       | 1 2 3 4 |  4.9
Necromancy     | 1 2 3 4 5 |  5.5
Poison Magic   | 2 |  2.2
Earth Magic    | 1 4 6 7 |  7.2
Shields        | |  0.1
Summonings     | |  0.1

Action                   |  1- 3 |  4- 6 |  7- 9 | 10-12 | 13-15 || total
-------------------------+-------+-------+-------+-------+-------++-------
Melee: Unarmed           |     5 |       |       |       |       ||     5
       Dagger            |    12 |       |       |       |       ||    12
       Quarterstaff      |       |    15 |   179 |   171 |       ||   365
       Staff             |       |       |       |    16 |    70 ||    86
Throw: Stone             |       |       |       |     1 |       ||     1
 Cast: Flame Tongue      |    59 |    45 |   148 |    95 |    13 ||   360
       Throw Flame       |    15 |    33 |    60 |   299 |    69 ||   476
       Conjure Flame     |       |     1 |       |       |       ||     1
       Animate Skeleton  |       |       |    24 |    67 |    63 ||   154
       Sting             |       |       |     9 |    48 |     2 ||    59
       Magic Dart        |       |       |       |   141 |     3 ||   144
       Stone Arrow       |       |       |       |   127 |   270 ||   397
       Fireball          |       |       |       |     3 |    24 ||    27
       Call Imp          |       |       |       |     1 |     1 ||     2
       Iron Shot         |       |       |       |     1 |     1 ||     2
  Use: Scroll            |     4 |     3 |    15 |     6 |     9 ||    37
       Potion            |     1 |       |     1 |     9 |    11 ||    22
 Stab: Paralysed         |       |       |     8 |     1 |       ||     9
       Distracted        |       |       |     3 |     1 |     2 ||     6
       Petrified         |       |       |     5 |     3 |       ||     8
       Confused          |       |       |       |     2 |       ||     2
       Sleeping          |       |       |       |     1 |       ||     1
  Eat: Chunk             |     7 |     8 |     7 |    18 |    18 ||    58
       Ration            |       |       |     2 |     5 |     2 ||     9
Armor: Leather armour    |     1 |     6 |    70 |   148 |   133 ||   358
Dodge: Dodged            |    27 |    16 |   162 |   290 |   297 ||   792
Block: Buckler           |       |       |       |       |    30 ||    30
